 Dungeon Crawl Stone Soup version 0.31-a0-188-g5e087ee2ca (webtiles) character file.

Game seed: 7741718701815390823

163 qw the Skirmisher (level 5, 0/29 HPs)
             Began as a Deep Elf Hunter on June 23, 2023.
             Slain by a goblin
             ... wielding a +0 club
             ... led by Robin
              (4 damage)
             ... on level 3 of the Dungeon.
             The game lasted 00:00:55 (2047 turns).

qw the Skirmisher (Deep Elf Hunter)                 Turns: 2047, Time: 00:00:56

Health: 0/29       AC:  6    Str: 10    XL:     5   Next: 20%
Magic:  7/7        EV: 11    Int: 14    God:
Gold:   99         SH:  0    Dex: 18    Spells: 4/4 levels left

rFire   . . .        Y - +0 shortbow
rCold   . . .        (shield currently unavailable)
rNeg    + + .        f - +0 ring mail
rPois   .            (no helmet)
rElec   .            (no cloak)
rCorr   .            d - +0 pair of gloves
SInv    .            (no boots)
Will    .....        (no amulet)
Stlth   +            i - ring of positive energy
HPRegen 0.24/turn    m - ring of positive energy
MPRegen 0.10/turn

%: no passive effects
@: about to teleport
A: no striking features
a: no special abilities


You were on level 3 of the Dungeon.
You visited 1 branch of the dungeon, and saw 3 of its levels.

You collected 99 gold pieces.


   Skills:
 - Level 1.5 Fighting
 + Level 8.6 Ranged Weapons
 - Level 2.4 Dodging
 - Level 1.2 Stealth


You had 4 spell levels left.
You didn't know any spells.
Your spell library was empty.

Inventory:

Hand Weapons
 Y - a +0 shortbow (weapon)
Armour
 d - a +0 pair of gloves (worn)
 f - a +0 ring mail (worn)
Jewellery
 b - a ring of ice
 i - a ring of positive energy (left hand)
 m - a ring of positive energy (right hand)
Potions
 c - 2 potions of resistance {unknown}
 e - a potion of might {unknown}
 g - a potion of haste {unknown}
 h - 2 potions of attraction {unknown}
 j - a potion of degeneration {unknown}
 k - a potion of brilliance {unknown}

Dungeon Overview and Level Annotations

Branches:
Dungeon (3/15)

Altars:

Annotations:
D:2 exclusion: gnoll
D:3 Robin, Sigmund


Message History

You kill the goblin!
You shoot an arrow. The arrow completely misses the goblin.
The goblin hits you with a +0 dagger.
A goblin comes into view. It is wielding a +0 club.
You shoot an arrow. The arrow closely misses the goblin.
The goblin shouts!
The goblin hits you with a +0 dagger.
You shoot an arrow. The arrow barely misses the hobgoblin.
The arrow barely misses Robin.
The hobgoblin barely misses you.
A goblin comes into view. It is wielding a +0 club.
The goblin barely misses you.
You shoot an arrow. The arrow completely misses Robin.
The goblin shouts!
Robin hits you but does no damage. The hobgoblin closely misses you.
The goblin hits you with a +0 dagger.
You shoot an arrow. The arrow hits Robin!
Robin is heavily wounded.
Robin hits you but does no damage. The hobgoblin closely misses you.
The goblin misses you.
You shoot an arrow. The arrow hits Robin.
Robin is severely wounded.
Robin hits you but does no damage. The hobgoblin hits you.
The goblin barely misses you. Robin throws the goblin at you!
The goblin closely misses you. The goblin hits you but does no damage.
The hobgoblin closely misses you.
You shoot an arrow. The arrow hits Robin.
Robin is severely wounded.
Robin barely misses you. The hobgoblin barely misses you.
The goblin hits you with a +0 club. The goblin hits you but does no damage.
You shoot an arrow. The arrow hits Robin.
Robin is almost dead.
Robin hits you with a +0 short sword. The hobgoblin barely misses you.
The goblin hits you with a +0 club. The goblin hits you with a +0 dagger.
2047 ||| READING scroll of teleportation.
As you read the scroll of teleportation, it crumbles to dust.
You feel strangely unstable. Robin closely misses you.
The hobgoblin closely misses you. The goblin hits you with a +0 club.
You die...

# #.# # #... #
###.... #
##.#..... #
####........ #
##.#......(..
##.#...g.g......
#.......@g.))..(
##.#....gg......
##.#.........
####........
##.#..... #####
###.... #....
#... ##.. #.#
#.. #..


You could see Robin, a hobgoblin (strong) and 3 goblins.

Vanquished Creatures
  4 gnolls (D:2)
  4 adders (D:2)
  2 worms (D:2)
  2 dart slugs (D:1)
  An orc (D:3)
  7 endoplasms
  2 giant cockroaches
  14 goblins
  8 hobgoblins
  4 jackals (D:1)
  A kobold (D:1)
  3 quokkas
  4 ball pythons
  8 bats
  5 frilled lizards
  5 rats
74 creatures vanquished.

Notes
Turn   | Place    | Note
-------+----------+-------------------------------------------
     0 | D:1      | qw the Deep Elf Hunter began the quest for the Orb.
     0 | D:1      | Reached XP level 1. HP: 12/12 MP: 3/3
     0 | D:1      | 0 ||| qw: Version: 0.3-a-9-g12657ce
     0 | D:1      | 0 ||| qw: Game counter: 4103
     0 | D:1      | 0 ||| qw: Always use a shield: true
     0 | D:1      | 0 ||| qw: God list: Okawaru
     0 | D:1      | 0 ||| qw: Allow faded altars: false
     0 | D:1      | 0 ||| qw: Do Orc after D:15 true
     0 | D:1      | 0 ||| qw: Do second Lair branch before Depths: true
     0 | D:1      | 0 ||| qw: Lair rune preference: random
     0 | D:1      | 0 ||| qw: Plans: Normal
     0 | D:1      | 0 ||| PLANNING D:1-11
    98 | D:1      | Reached XP level 2. HP: 15/16 MP: 4/4
   126 | D:1      | Reached skill level 6 in Ranged Weapons
   264 | D:1      | 264 ||| Stepping ~*~*~tactically~*~*~ (outnumbered).
   402 | D:1      | Reached XP level 3. HP: 20/20 MP: 5/5
   710 | D:1      | 710 ||| UPGRADING to +0 pair of gloves.
   715 | D:1      | 715 ||| UPGRADING to +0 ring mail.
   725 | D:1      | 725 ||| DROPPING +0 leather armour.
   726 | D:1      | 726 ||| DROPPING scroll of butterflies.
   815 | D:2      | Reached skill level 7 in Ranged Weapons
  1058 | D:2      | Reached XP level 4. HP: 25/25 MP: 6/6
  1160 | D:2      | 1160 ||| UPGRADING to ring of positive energy.
  1164 | D:2      | 1164 ||| FLEEEEING.
  1165 | D:2      | 1165 ||| FLEEEEING.
  1170 | D:2      | HP: 6/25 [gnoll/+0 halberd (9)]
  1173 | D:2      | HP: 1/25 [gnoll/+0 halberd (6)]
  1215 | D:2      | 1215 ||| FLEEEEING.
  1298 | D:2      | Reached skill level 8 in Ranged Weapons
  1298 | D:2      | 1298 ||| FLEEEEING.
  1299 | D:2      | 1299 ||| FLEEEEING.
  1300 | D:2      | 1300 ||| FLEEEEING.
  1303 | D:2      | 1303 ||| FLEEEEING.
  1304 | D:2      | 1304 ||| FLEEEEING.
  1404 | D:2      | Reached XP level 5. HP: 29/29 MP: 7/7
  1449 | D:2      | Found a faded altar of an unknown god.
  1729 | D:2      | 1729 ||| UPGRADING to ring of positive energy.
  1730 | D:2      | 1730 ||| READING 3 scrolls labelled OMUR HUUGE.
  1731 | D:2      | 1731 ||| READING scroll labelled AMIRIRIMMI.
  1732 | D:2      | 1732 ||| READING scroll labelled TIRUESK WEAGU.
  1733 | D:2      | 1733 ||| READING 2 scrolls labelled SIDAIV EKEID.
  1737 | D:2      | 1737 ||| DROPPING 2 scrolls of revelation.
  1921 | D:3      | Noticed Sigmund
  1930 | D:3      | 1930 ||| READING scroll labelled JIFIOZOM XUNO.
  1931 | D:3      | HP: 7/29 [Sigmund/magic dart (5)]
  1932 | D:3      | 1932 ||| READING 2 scrolls of teleportation.
  2034 | D:3      | Noticed Robin
  2046 | D:3      | HP: 6/29 [goblin/+0 club[Robin] (5)]
  2047 | D:3      | 2047 ||| READING scroll of teleportation.
  2047 | D:3      | Slain by a goblin

Levels and vault maps discovered:
D:1:      dpeg_arrival_oval, layout_loops_ring, minmay_misc_feat_x
D:2:      layout_basic, basic_ecumenical_altar, minmay_hexomino_p4
D:3:      layout_rooms, nicolae_figureground_pulse, uniq_robin, uniq_sigmund

Skill      XL: |  1  2  3  4 |
---------------+-------------+-----
Ranged Weapons | 6 7 8 |  8.6
Fighting       | |  1.5
Dodging        | |  2.4
Stealth        | |  1.2

Action                     |  1- 3 |  4- 6 || total
---------------------------+-------+-------++-------
   Fire: Shortbow          |    86 |   117 ||   203
    Use: Scroll            |       |     7 ||     7
 Armour: Leather armour    |     8 |       ||     8
         Ring mail         |     3 |    15 ||    18
  Dodge: Dodged            |    17 |    31 ||    48

Table legend:
 A = Non-vault XP
 B = Vault XP
 C = Vault XP percentage of total XP
 D = Non-vault monster count
 E = Vault monster count
 F = Vault count percentage of total count
                 A         B        C        D         E       F
            +---------+---------+-------+---------+---------+-------
      Total |     212 |      22 |   9.4 |      63 |      11 |  14.9
            +---------+---------+-------+---------+---------+-------
        D:1 |      52 |       0 |   0.0 |      28 |       0 |   0.0
        D:2 |     149 |       8 |   5.1 |      30 |       4 |  11.8
        D:3 |      11 |      14 |  56.0 |       5 |       7 |  58.3
            +---------+---------+-------+---------+---------+-------
